 Dungeon Crawl Stone Soup version 0.32-a0-470-g255bbe2f98 (webtiles) character file.

Game seed: 3697877075722332887

142 Conn the Sneak (level 5, -2/31 HPs)
             Began as an Octopode Fire Elementalist on Feb 25, 2024.
             Slain by a black bear (5 damage)
             ... on level 4 of the Dungeon.
             The game lasted 00:03:27 (3010 turns).

Conn the Sneak (Octopode Fire Elementalist)         Turns: 3010, Time: 00:03:27

Health: -2/31      AC:  1    Str:  8    XL:     5   Next: 24%
Magic:  0/9        EV: 13    Int: 19    God:
Gold:   207        SH:  0    Dex: 12    Spells: 3/9 levels left

rFire   . . .        m - +6 mace of Sudden Death {freeze, rPois}
rCold   . . .        (no shield)
rNeg    . . .        (helmet restricted)
rPois   +            (no amulet)
rElec   .            (no ring)
rCorr   .            (no ring)
SInv    .            (no ring)
Will    .....        (no ring)
Stlth   +++          (no ring)
HPRegen 0.25/turn    (no ring)
MPRegen 0.11/turn    (no ring)
                     (no ring)

%: no passive effects
@: no status effects
A: almost no armour, amphibious, 8 rings, camouflage 1, gelatinous body 1,
(nimble swimmer 1), tentacles
a: no special abilities


You were on level 4 of the Dungeon.
You visited 1 branch of the dungeon, and saw 4 of its levels.

You collected 207 gold pieces.

Inventory:

Hand Weapons
 d - a +0 dagger
 g - a +0 short sword of distortion
 m - the +6 mace of Sudden Death (weapon) {freeze, rPois}
   (You found it on level 3 of the Dungeon)

   rPois:     It protects you from poison
Magical Staves
 h - a staff of earth
Scrolls
 c - 3 scrolls of blinking {unknown}
 e - 6 scrolls of identify {unknown}
 f - a scroll of silence {unknown}
 l - 2 scrolls of poison {unknown}
 n - a scroll of fear {unknown}
 o - 4 scrolls of teleportation {unknown}
 p - a scroll of acquirement {unknown}
Potions
 a - a potion of magic
 b - 3 potions of haste {unknown}
 i - 2 potions of curing {unknown}
 j - a potion of enlightenment {unknown}
 k - 2 potions of invisibility {unknown}
 q - a potion of ambrosia {unknown}


   Skills:
 + Level 2.9 Dodging
 + Level 4.0 Stealth
 + Level 2.8 Spellcasting
 + Level 2.3 Conjurations
 + Level 3.6 Fire Magic


You had 3 spell levels left.
You knew the following spells:

 Your Spells              Type           Power      Damage    Failure   Level
a - Foxfire               Conj/Fire      56%        2x1d6     4%          1
b - Scorch                Fire           32%        2d6       5%          2
c - Inner Flame           Hex/Fire       9%         N/A       22%         3

Your spell library contained the following spells:

 Spells                   Type           Power      Damage    Failure   Level
 Apportation              Tloc           4%         N/A       16%         1
 Volatile Blastmotes      Fire/Tloc      18%        2d11      22%         3
 Ensorcelled Hibernation  Hex/Ice        4%         N/A       24%         2
 Jinxbite                 Hex            4%         N/A       24%         2
 Fugue of the Fallen      Necr           2%         N/A       43%         3
 Flame Wave               Conj/Fire      14%        2d6       41%         4
 Anguish                  Hex/Necr       1%         N/A       83%         4
 Alistair's Intoxication  Alch           1%         N/A       99%         5
 Yara's Violent Unravell  Hex/Alch       1%         3d3       99%         5
 Enfeeble                 Hex            1%         N/A       100%        7


Dungeon Overview and Level Annotations

Branches:
Dungeon (4/15)
 Temple: D:4-7

Altars:


Innate Abilities, Weirdness & Mutations

You cannot wear most types of armour.
You are amphibious.
You can wear up to eight rings at the same time.
Your skin changes colour to match your surroundings (Stealth+).
Your rubbery body absorbs attacks. (AC +1, EV +1)
((You are camouflaged when in or above water. (Stealth+)))
You have tentacles for arms and can constrict up to eight enemies at once.


Message History

You climb downwards.
There is a stone staircase leading up here.
A black bear comes into view.
Found 2 gold pieces.
A dart slug comes into view.
Casting: Foxfire (safe; 4% risk of failure)
Confirm with . or Enter, or press ? or * to list all spells.
You conjure some foxfire!
Unknown command.
Casting: Foxfire (safe; 4% risk of failure)
Confirm with . or Enter, or press ? or * to list all spells.
Flames lash the black bear.
The black bear is lightly wounded.
The black bear's fire resistance burns away.
The foxfire hits the black bear.
The black bear is burned terribly!
The black bear is moderately wounded.
The foxfire hits the black bear.
The black bear is burned terribly!
The black bear is moderately wounded.
Casting: Scorch (safe; 5% risk of failure)
Confirm with . or Enter, or press ? or * to list all spells.
Flames lash the black bear.
The black bear is burned terribly!
The black bear is severely wounded.
The black bear goes berserk!
Unknown command.
Casting: Scorch (safe; 5% risk of failure)
Confirm with . or Enter, or press ? or * to list all spells.
Flames lash the black bear.
The black bear is burned terribly!
The black bear is almost dead.
The black bear closely misses you. The black bear claws you. x2
Unknown command.
Casting: Scorch (safe; 5% risk of failure)
Confirm with . or Enter, or press ? or * to list all spells.
Flames lash the dart slug.
The dart slug is almost dead.
The dart slug's fire resistance burns away.
The black bear bites you. The black bear claws you! The black bear claws you.
The black bear bites you!
* * * LOW HITPOINT WARNING * * *
The black bear barely misses you. The black bear claws you.
You die...

#########
........####
........##<#
......$.##.#
....w.h.##.#
#.@...#
#.##### #.
#. #. ##


You could see a black bear (berserk, combustible) and a dart slug (combustible).

Vanquished Creatures
  A hound (D:3)
  2 adders (D:2)
  2 ribbon worms (D:2)
  6 orcs (D:3)
  5 ball pythons
  8 bats
  6 endoplasms
  4 giant cockroaches (D:3)
  7 goblins
  8 hobgoblins
  2 frilled lizards (D:2)
  5 kobolds
  6 rats
62 creatures vanquished.

Vanquished Creatures (others)
  131 foxfires
131 creatures vanquished.

Grand Total: 193 creatures vanquished

Notes
Turn   | Place    | Note
-------+----------+-------------------------------------------
     0 | D:1      | Conn the Octopode Fire Elementalist began the quest for the
                  | Orb.
     0 | D:1      | Reached XP level 1. HP: 11/11 MP: 3/3
   172 | D:1      | Reached XP level 2. HP: 17/17 MP: 1/5
   238 | D:1      | Reached skill level 3 in Stealth
   447 | D:1      | Found a faded altar of an unknown god.
   923 | D:2      | Reached XP level 3. HP: 21/21 MP: 6/6
   926 | D:2      | Learned a level 2 spell: Scorch
   930 | D:2      | Learned a level 3 spell: Inner Flame
  1515 | D:2      | Reached XP level 4. HP: 22/27 MP: 7/7
  1970 | D:3      | Reached XP level 5. HP: 24/31 MP: 9/9
  2035 | D:3      | Identified the +6 mace of Sudden Death {freeze, rPois}
  2490 | D:3      | Reached skill level 4 in Stealth
  3003 | D:4      | Noticed a black bear
  3010 | D:4      | Slain by a black bear

Illustrated notes

Levels and vault maps discovered:
D:1:      psy_arrival_basics, layout_basic, chequers_ecumenical_altar_lobes
D:2:      layout_loops_cross, minmay_fractal_squares_gapless_5
D:3:      layout_basic, kennysheep_potato
D:4:      layout_basic, nicolae_overflows_in_rows, serial_shops,
          nicolae_shop_back_alley_shop, kennysheep_generic_room_13,
          uniq_eustachio, uniq_pikel, uniq_sigmund

Skill      XL: |  1  2  3  4  5 |
---------------+----------------+-----
Stealth        | 3 4 |  4.0
Conjurations   | 2 |  2.3
Dodging        | |  2.9
Spellcasting   | |  2.8
Fire Magic     | |  3.6

Action                     |  1- 3 |  4- 6 || total
---------------------------+-------+-------++-------
  Melee: Unarmed           |     4 |       ||     4
         Dagger            |     2 |       ||     2
         Short sword       |    10 |    27 ||    37
         Constrict         |     2 |     9 ||    11
         Tentacles         |       |     9 ||     9
         Mace              |       |    10 ||    10
   Cast: Foxfire           |    50 |    27 ||    77
         Scorch            |       |     4 ||     4
   Stab: Sleeping          |     6 |     2 ||     8
 Armour: Skin              |    10 |    39 ||    49
  Dodge: Dodged            |     8 |    50 ||    58

Table legend: (Time is in decaauts)
 A = Elapsed time spent in this place.
 B = Non-inter-level travel time spent in this place.
 C = Inter-level travel time spent in this place.
 D = Time resting spent in this place.
 E = Time spent auto-exploring this place.
 F = Levels seen in this place.
 G = Mean time per level.
                   A        B        C        D        E       F      G
               +--------+--------+--------+--------+--------+-----+--------+
         Total |   3011 |   2954 |     57 |      0 |   2409 |   4 |  752.8 |
       Dungeon |   3011 |   2954 |     57 |      0 |   2409 |   4 |  752.8 |
               +--------+--------+--------+--------+--------+-----+--------+

Top non-repeatable levels by time:
     D:3: 1227 daAuts
     D:1: 920 daAuts
     D:2: 853 daAuts
     D:4: 10 daAuts
